AoeStats
← Canek

Oasis

510041087Analyzed
3v3 RM · 3d ago on Sep 29, 2026· 50m 53s· 6 players
Game mode
Random Map
Map size
Normal (6 player)
Population
200
Speed
Normal
Resources
Standard
Victory
Conquest
Starting age
Dark Age
Ending age
Imperial Age
RankedLock teamsTeams togetherTeam positionsShared explorationLock speedFull tech treeHidden civsTurbo modeCheats
Victory
Defeat
🇸🇪 Vikings · Sweden
1099
+18
🇦🇺 Khmer · Australia
1099
+18
🇹🇼 Vietnamese · Taiwan
1065
+19
🇲🇽 Khitans · Mexico
1190
-20
🇲🇽 Varangians · Mexico
1154
-19
🇲🇽 Italians · Mexico
1078
-16
s
4:34 Loom
11:08 Feudal Age
11:43 Double-Bit Axe
12:02 Horse Collar
17:36 Gold Mining
21:18 Castle Age
19:23 Fletching
19:33 Padded Archer Armor
21:54 Stone Mining
21:27 Elite Skirmisher
22:29 Leather Archer Armor
22:10 Bodkin Arrow
22:55 Gold Shaft Mining
23:39 Bow Saw
23:32 Heavy Plow
34:50 Imperial Age
36:16 Town Watch
37:01 Conscription
36:48 Bracer
37:18 Ring Archer Armor
36:32 Capped Ram
37:15 Imperial Skirmisher
39:46 Ballistics
40:27 Chemistry
40:43 Chemistry
43:12 Caravan
46:44 Two-Man Saw
50:28 Elite Berserk
51:11 Chieftains
51:24 Forging
51:15 Scale Mail Armor
beshySwazza
9:20 Feudal Age
9:42 Loom
9:56 Double-Bit Axe
11:27 Horse Collar
21:25 Castle Age
22:33 Bow Saw
22:44 Bloodlines
22:34 Husbandry
22:31 Gold Mining
24:14 Wheelbarrow
24:36 Stone Mining
25:22 Gold Shaft Mining
27:58 Scale Barding Armor
28:04 Forging
29:43 Heavy Plow
30:36 Town Watch
31:37 Hand Cart
32:32 Chain Barding Armor
32:48 Iron Casting
31:54 Crossbowman
33:22 Fletching
33:05 Elite Skirmisher
34:01 Bodkin Arrow
34:07 Padded Archer Armor
37:06 Imperial Age
36:53 Leather Archer Armor
37:14 Iron Casting
37:08 Caravan
37:52 Bracer
38:29 Ballistics
39:11 Chemistry
40:27 Blast Furnace
40:00 Elite Battle Elephant
41:48 Plate Barding Armor
41:44 Ring Archer Armor
42:44 Tusk Swords
43:05 Conscription
xi jinping
11:17 Feudal Age
15:42 Castle Age
13:57 Double-Bit Axe
13:58 Horse Collar
14:52 Gold Mining
14:55 Fletching
15:34 Padded Archer Armor
16:21 Bodkin Arrow
16:19 Loom
17:21 Crossbowman
24:00 Bow Saw
23:54 Heavy Plow
30:37 Wheelbarrow
30:50 Leather Archer Armor
31:54 Hand Cart
35:48 Imperial Age
33:39 Pikeman
34:20 Squires
34:23 Scale Mail Armor
34:33 Forging
35:00 Thumb Ring
35:35 Ballistics
35:45 Town Watch
36:17 Chain Mail Armor
36:37 Bracer
36:05 Arbalester
38:32 Chemistry
39:30 Paper Money
42:04 Ring Archer Armor
42:05 Plate Mail Armor
43:04 Siege Engineers
43:20 Bombard Tower
42:41 Treadmill Crane
44:16 Elite Rattan Archer
45:10 Stone Mining
46:15 Halberdier
46:41 Arson
47:32 Iron Casting
49:35 Town Patrol
Canek
8:08 Loom
10:10 Feudal Age
13:10 Forging
14:45 Scale Barding Armor
19:47 Double-Bit Axe
22:53 Castle Age
22:45 Fletching
22:46 Domestication
22:59 Gold Mining
23:03 Stone Mining
22:55 Light Cavalry
23:42 Husbandry
28:18 Pastoralism
30:09 Bow Saw
37:56 Imperial Age
36:26 Chain Barding Armor
37:51 Stone Shaft Mining
38:14 Iron Casting
38:06 Heavy Camel Rider
39:49 Plate Barding Armor
39:48 Transhumance
40:20 Two-Man Saw
40:03 Conscription
39:56 Hussar
42:26 Heavy Rocket Cart
47:09 Wheelbarrow
47:15 Lamellar Armor
47:22 Fletching
47:32 Padded Archer Armor
47:34 Scale Mail Armor
47:41 Elite Skirmisher
skorge_13
0:29 Loom
11:24 Feudal Age
11:41 Man-at-Arms
23:26 Castle Age
45:13 Imperial Age
arq_lobo
5:00 Loom
12:20 Feudal Age
19:33 Castle Age
17:40 Double-Bit Axe
18:18 Gold Mining
20:31 Horse Collar
23:25 Wheelbarrow
24:39 Fletching
25:36 Heavy Plow
29:53 Imperial Age
27:26 Stone Mining
28:16 Padded Archer Armor
28:19 Bodkin Arrow
29:36 Ballistics
30:07 Stone Shaft Mining
30:21 Hand Cart
31:34 Chemistry
31:04 Leather Archer Armor
31:19 Bow Saw
34:57 Forging
34:49 Bracer
35:01 Town Watch
35:53 Light Cavalry
36:45 Bloodlines
38:13 Elite Skirmisher
39:36 Husbandry
41:43 Iron Casting
41:08 Scale Mail Armor
41:39 Ring Archer Armor
44:35 Blast Furnace
46:26 Crop Rotation
Connection lost

Rejoining the realm…

Still unreachable

The connection could not be restored.

Session expired

The server has moved on; the page needs a fresh start.